 Dungeon Crawl Stone Soup version 0.31-a0-210-gccc998df9b (webtiles) character file.

Game seed: 9866617450061869475

4171 Dittersdorf the Protected (level 10, -1/65 HPs)
             Began as a Gargoyle Fighter on June 29, 2023.
             Slain by a killer bee (7 damage)
             ... on level 7 of the Dungeon.
             The game lasted 00:11:32 (8188 turns).

Dittersdorf the Protected (Gargoyle Fighter)        Turns: 8188, Time: 00:11:33

Health: -1/65      AC: 21    Str: 23    XL:     10   Next: 28%
Magic:  10/10      EV:  9    Int: 10    God:
Gold:   288        SH: 10    Dex:  9    Spells: 9/9 levels left

rFire   . . .        s - +3 flail (vamp)
rCold   . . .        y - +0 kite shield
rNeg    + . .        b - +0 scale mail
rPois   ∞            k - +2 helmet
rElec   +            (no cloak)
rCorr   .            (no gloves)
SInv    .            l - +1 pair of boots
Will    .....        w - amulet of regeneration Stlth
                     (no ring)
HPRegen 1.10/turn    (no ring)
MPRegen 0.12/turn

%: no passive effects
@: no status effects
A: sickness immunity, AC +7, negative energy resistance 1, electricity
resistance, torment resistance 1, petrification resistance
a: no special abilities


You were on level 7 of the Dungeon.
You visited 2 branches of the dungeon, and saw 9 of its levels.

You collected 326 gold pieces.
You spent 38 gold pieces at shops.

Inventory:

Hand Weapons
 s - a +3 vampiric flail (weapon)
Missiles
 p - a throwing net
 q - 29 poisoned darts (quivered)
Armour
 b - a +0 scale mail (worn)
 k - a +2 helmet (worn)
 l - a +1 pair of boots (worn)
 y - a +0 kite shield (worn)
Jewellery
 w - an amulet of regeneration (around neck)
Wands
 c - a wand of iceblast (13)
 v - a wand of digging (1)
 B - a wand of flame (19)
Scrolls
 f - 2 scrolls of fear
 n - a scroll of blinking
 o - 2 scrolls of teleportation
Potions
 a - a potion of lignification {unknown}
 d - 4 potions of might
 e - 9 potions of heal wounds {unknown}
 g - 2 potions of mutation {unknown}
 h - a potion of attraction {unknown}
 i - 4 potions of degeneration {unknown}
 j - 2 potions of haste {unknown}
 m - a potion of resistance
 r - a potion of curing {unknown}
 t - a potion of cancellation {unknown}
 u - 2 potions of brilliance
 x - a potion of berserk rage
 z - a potion of magic


   Skills:
 + Level 8.7 Fighting
 + Level 7.6 Maces & Flails
 + Level 8.7 Armour
 + Level 8.7 Shields


You had 9 spell levels left.
You didn't know any spells.
Your spell library contained the following spells:

 Spells                   Type           Power      Damage    Failure   Level
 Apportation              Tloc           0%         N/A       83%         1
 Kiss of Death            Conj/Necr      0%         2d5       83%         1
 Magic Dart               Conj           0%         1d3       83%         1
 Necrotise                Necr           0%         1d4       83%         1
 Sandblast                Erth           0%         2d4       83%         1
 Summon Small Mammal      Summ           0%         N/A       83%         1
 Call Imp                 Summ           0%         N/A       93%         2
 Passwall                 Tmut/Erth      0%         N/A       93%         2
 Static Discharge         Conj/Air       0%         2-2/arc   93%         2
 Call Canine Familiar     Summ           0%         N/A       99%         3
 Confusing Touch          Hex            0%         N/A       99%         3
 Dazzling Flash           Conj/Hex       0%         N/A       99%         3
 Mephitic Cloud           Conj/Pois/Air  0%         N/A       99%         3
 Ozocubu's Armour         Ice            0%         N/A       99%         3
 Portal Projectile        Hex/Tloc       0%         N/A       99%         3
 Stone Arrow              Conj/Erth      0%         3d7       99%         3
 Tukima's Dance           Hex            0%         N/A       99%         3
 Volatile Blastmotes      Fire/Tloc      0%         2d10      99%         3
 Airstrike                Air            0%         2d(0-16)  100%        4
 Dispel Undead            Necr           0%         3d6       100%        4
 Iskenderun's Mystic Bla  Conj/Tloc      0%         2d3       100%        4
 Leda's Liquefaction      Hex/Erth       0%         N/A       100%        4
 Passage of Golubria      Tloc           0%         N/A       100%        4
 Summon Lightning Spire   Summ/Air       0%         N/A       100%        4
 Yara's Violent Unravell  Hex/Tmut       0%         3d3       100%        5
 Starburst                Conj/Fire      0%         6d3       100%        6
 Ozocubu's Refrigeration  Ice            0%         4d7       100%        7


Dungeon Overview and Level Annotations

Branches:
Dungeon (8/15)             Temple (1/1) D:6
   Lair: D:8-11

Altars:
Ashenzari
Cheibriados
Dithmenos
Elyvilon
Fedhas
Gozag
Hepliaklqana
Kikubaaqudgha
Makhleb
Nemelex Xobeh
Qazlal
Ru
Sif Muna
Trog
Uskayaw
Vehumet
Wu Jian
Xom
Yredelemnul
Zin
The Shining One

Shops:
D:4 *[[*:   D:6 :   D:7 !

Annotations:
D:3 3 runed translucent doors, rabbitsville's ghost, amateur HOFi


Innate Abilities, Weirdness & Mutations

You are immune to sickness and miasma.
Your stone body is resilient. (AC +7)
You are immune to poison.
You resist negative energy. (rN+)
You are resistant to electric shocks. (rElec)
You are resistant to unholy torment.
You are immune to petrification.


Message History

You closely miss the killer bee.
The killer bee is severely wounded.
The killer bee barely misses you. The killer bee closely misses you.
The killer bee stings you but does no damage.
The killer bee stings you.
* * * LOW HITPOINT WARNING * * *
The killer bee barely misses you.
The killer bee stings you but does no damage. x2
You block the killer bee's attack.
You hit the killer bee.
You feel better.
The killer bee is almost dead.
You block the killer bee's attack. x2
The killer bee stings you but does no damage. x2
The killer bee stings you!
* * * LOW HITPOINT WARNING * * *
The killer bee closely misses you.
The killer bee stings you but does no damage.
The killer bee barely misses you.
You sock the killer bee!
You feel better.
You kill the killer bee!
The killer bee stings you but does no damage. x2
The killer bee stings you.
* * * LOW HITPOINT WARNING * * *
You block the killer bee's attack. The killer bee completely misses you.
The killer bee stings you.
* * * LOW HITPOINT WARNING * * *
The killer bee attacks as you move away!
The killer bee closely misses you. You block the killer bee's attack.
The killer bee stings you.
* * * LOW HITPOINT WARNING * * *
The killer bee stings you but does no damage. x2
There is an open door here.
The killer bee barely misses you.
The killer bee attacks as you move away!
The killer bee stings you but does no damage.
The killer bee stings you.
* * * LOW HITPOINT WARNING * * *
The killer bee attacks as you move away!
The killer bee stings you!
You die...

.........###..###.# ###.....###..
....#'######..#######.#########..
....#......#.......'....#........
....#......+.......#....#........
....#......#.......#....#........
....#..##.####.###.##.####...##..
....#..##.####.###.#######...##..
....+.......'................#...
....#.......#.yy@............#...
....#.......##y#########.....#...
....#####...#.y........#.....#...
.(.[....###'#..........##'#####..
................[).....#.....##..
####.............>[....'.....####
...'..............[....#.....#...
...#...................#######...
#..#....#+#####'##...............


You could see 3 killer bees.

Vanquished Creatures
  A two-headed ogre (D:7)
  A kobold demonologist (D:7)
  A troll (D:7)
  A steam dragon (D:6)
  4 black bears
  2 ice beasts
  An orc warrior (D:8)
  A sky beast (D:7)
  A centaur (D:5)
  A phantom (D:6)
  4 kobold brigands
  4 scorpions
  2 bullfrogs
  13 wights
  A killer bee (D:7)
  4 hounds
  2 jellies
  A gnoll bouda (D:4)
  2 orc priests
  2 sleepcaps
  2 iguanas
  4 orc wizards
  9 gnolls
  3 adders
  A shadow imp (D:5)
  2 white imps
  An ufetubus (D:7)
  3 worms
  3 dart slugs
  28 orcs
  5 bats
  13 endoplasms
  4 giant cockroaches
  8 goblins
  14 hobgoblins
  6 jackals (D:2)
  20 kobolds
  2 quokkas
  5 ball pythons
  4 frilled lizards
  5 rats
191 creatures vanquished.

Vanquished Creatures (others)
  An orc wizard (D:8)
1 creature vanquished.

Grand Total: 192 creatures vanquished

Notes
Turn   | Place    | Note
-------+----------+-------------------------------------------
     0 | D:1      | Dittersdorf the Gargoyle Fighter began the quest for the
                  | Orb.
     0 | D:1      | Reached XP level 1. HP: 14/14 MP: 1/1
   121 | D:1      | Reached XP level 2. HP: 19/19 MP: 2/2
   571 | D:1      | Reached XP level 3. HP: 19/23 MP: 3/3
  1044 | D:2      | Found a snail-covered altar of Cheibriados.
  1938 | D:3      | Reached XP level 4. HP: 29/29 MP: 4/4
  2139 | D:3      | Found a glowing golden altar of the Shining One.
  2352 | D:3      | Found a runed translucent gate.
  2352 | D:3      | Found a runed translucent gate.
  2352 | D:3      | Found a runed translucent gate.
  2356 | D:3      | Noticed rabbitsville's ghost (amateur HOFi)
  2533 | D:3      | Reached XP level 5. HP: 33/33 MP: 5/5
  3189 | D:4      | Found Cat Tusch's Assorted Antiques.
  3194 | D:4      | Bought a scroll labelled ICSAOR TISHRYAFEO for 19 gold
                  | pieces
  3194 | D:4      | Bought a scroll labelled SEAMUT BEJEMME for 19 gold pieces
  3296 | D:4      | Found Obozes's Assorted Antiques.
  3302 | D:4      | Reached XP level 6. HP: 34/39 MP: 6/6
  3369 | D:4      | Found a shimmering altar of Xom.
  3438 | D:4      | Found Utwovo's Book Emporium.
  3444 | D:4      | Found Decwet's Armour Boutique.
  3531 | D:4      | Noticed a black bear
  3542 | D:4      | Killed a black bear
  3543 | D:4      | Reached skill level 5 in Armour
  3801 | D:4      | Found Qumobocu's Antique Armour Emporium.
  3865 | D:4      | Reached skill level 5 in Fighting
  3865 | D:4      | Reached skill level 5 in Shields
  3935 | D:5      | Entered Level 5 of the Dungeon
  3967 | D:4      | Reached XP level 7. HP: 15/44 MP: 7/7
  4481 | D:5      | Reached XP level 8. HP: 51/51 MP: 8/8
  5540 | D:6      | Reached skill level 5 in Maces & Flails
  5610 | D:6      | Found Ysock's Tremendous Tomes.
  5638 | D:6      | Found a staircase to the Ecumenical Temple.
  5688 | Temple   | Entered the Ecumenical Temple
  5994 | D:7      | Found a burning altar of Makhleb.
  6285 | D:6      | Reached XP level 9. HP: 56/56 MP: 9/9
  6611 | D:7      | Found Tuashimeos's Distillery.
  6611 | D:7      | Noticed a troll
  6624 | D:7      | Killed a troll
  6970 | D:7      | Found a shadowy altar of Dithmenos.
  6998 | D:7      | Found a glowing silver altar of Zin.
  6998 | D:7      | Found a stormy altar of Qazlal.
  6999 | D:7      | Found a snail-covered altar of Cheibriados.
  6999 | D:7      | Found a basalt altar of Yredelemnul.
  6999 | D:7      | Found a sacrificial altar of Ru.
  7000 | D:7      | Found the Hermit's Pendant {Faith Invo=14 Evo=0 MP+5}
  7234 | D:8      | Found an ornate altar of the Wu Jian Council.
  7241 | D:8      | Noticed a two-headed ogre
  7255 | D:7      | Killed a two-headed ogre
  7403 | D:8      | Reached XP level 10. HP: 48/64 MP: 10/10
  7952 | D:8      | Noticed a kobold demonologist
  8127 | D:7      | Killed a kobold demonologist
  8188 | D:7      | Slain by a killer bee

Illustrated notes

Levels and vault maps discovered:
D:1:      dpeg_arrival_tiny_a, layout_loops_corners,
          chequers_serial_rivers_micro_d, serial_park_tiny_1, chequers_arboretum
D:2:      layout_basic, basic_altar
D:3:      layout_loops_ring, tso_oasis_becter, ebering_ghost_rock_garden
D:4:      layout_loops_cross, brannock_xom_greatest_gift, serial_shops, shop,
          shop, nicolae_shop_rolling_square, shop, shop, grunt_ministairs_9
D:5:      corexii_shantytown, layout_basic
D:6:      layout_loops_cross, minmay_temple_entry_butterflies,
          nicolae_shop_i_like_big_books
D:7:      layout_gridville, makhleb_heckhound_becter,
          grunt_temple_overflow_open, serial_shops, kennysheep_little_box
D:8:      layout_cave_pools, mainiacjoe_overflow_concentric_impassable,
          grunt_potential
Temple:   minmay_freezing_vapour_temple

Skill      XL: |  1  2  3  4  5  6  7  8  9 |
---------------+----------------------------+-----
Fighting       | 4 5 6 8 |  8.7
Shields        | 4 5 6 8 |  8.7
Armour         | 4 5 6 8 |  8.7
Maces & Flails | 3 4 5 7 |  7.6

Action                     |  1- 3 |  4- 6 |  7- 9 | 10-12 || total
---------------------------+-------+-------+-------+-------++-------
  Melee: Flail             |   144 |   199 |   332 |   106 ||   781
  Throw: Dart              |       |       |     2 |       ||     2
    Use: Scroll            |       |     8 |     7 |     3 ||    18
 Armour: Scale mail        |    85 |   145 |   227 |   112 ||   569
  Dodge: Dodged            |    70 |    99 |   191 |    90 ||   450
  Block: Buckler           |    29 |    53 |    95 |     6 ||   183
         Kite shield       |       |       |       |    99 ||    99

Table legend: (Time is in decaauts)
 A = Elapsed time spent in this place.
 B = Non-inter-level travel time spent in this place.
 C = Inter-level travel time spent in this place.
 D = Time resting spent in this place.
 E = Time spent auto-exploring this place.
 F = Levels seen in this place.
 G = Mean time per level.
                   A        B        C        D        E       F      G
               +--------+--------+--------+--------+--------+-----+--------+
         Total |   8370 |   8058 |    312 |   1115 |   4945 |   9 |  930.0 |
       Dungeon |   8369 |   8057 |    312 |   1115 |   4945 |   8 | 1046.1 |
        Temple |      1 |      1 |      0 |      0 |      0 |   1 |    1.0 |
               +--------+--------+--------+--------+--------+-----+--------+

Top non-repeatable levels by time:
     D:3: 1279 daAuts
     D:7: 1273 daAuts
     D:4: 1254 daAuts
     D:5: 1052 daAuts
     D:1: 1009 daAuts
     D:6: 891 daAuts
     D:2: 856 daAuts
     D:8: 752 daAuts
  Temple: 1 daAuts
